[Event "16th Deltalift Open 2019"]
[Site "Halmstad"]
[Date "2019.05.30"]
[Round "4.2"]
[White "Lindberg, Bengt"]
[Black "Cramling, Pia"]
[Result "0-1"]
[ECO "B94"]
[WhiteElo "2382"]
[BlackElo "2454"]
[Annotator "ChessBase"]
[PlyCount "84"]
[EventDate "2019.05.30"]
[EventType "swiss"]
[EventCountry "SWE"]
[SourceTitle "playchess.com"]
[Source "ChessBase"]
[SourceQuality "1"]
[TimeControl "1800+12"]

1. e4 c5 2. Nf3 d6 3. d4 cxd4 4. Nxd4 Nf6 5. Nc3 a6 6. Bg5 Nbd7 7. Bc4 Qa5 8. Qd2 e6 9. f3 b5 10. Bb3 Bb7 11. g4 Be7 12. O-O-O b4 13. Nce2 Nxe4 14. Bxe7 Nxd2 15. Bxd6 Nxb3+ 16. Nxb3 Qb6 17. Rhf1 Bd5 18. Bg3 O-O 19. Nf4 Bc4 20. Rfe1 Rfd8 21. Nd2 Bd5 22. Nxd5 exd5 23. Re7 Rac8 24. Nb3 Nf8 25. Re2 Ne6 26. Kb1 a5 27. Nc1 a4 28. f4 Nc5 29. Bf2 Qb5 30. Bh4 Rd7 31. Rde1 Ne4 32. f5 h6 33. f6 g5 34. Bg3 Nxf6 35. Be5 Ne4 36. Nd3 f6 37. Bd4 Rc4 38. Bg1 Rdc7 39. Rd1 b3 40. cxb3 axb3 41. a3 Rc2 42. Ree1 Nd2+ 0-1

[Event "16th Deltalift Open 2019"]
[Site "Halmstad"]
[Date "2019.05.30"]
[Round "4.3"]
[White "Sjodahl, Pontus"]
[Black "Malmstig, Erik"]
[Result "0-1"]
[ECO "E46"]
[WhiteElo "2435"]
[BlackElo "2352"]
[Annotator "ChessBase"]
[PlyCount "71"]
[EventDate "2019.05.30"]
[EventType "swiss"]
[EventCountry "SWE"]
[SourceTitle "playchess.com"]
[Source "ChessBase"]
[SourceQuality "1"]
[TimeControl "1800+12"]

1. d4 Nf6 2. c4 e6 3. Nc3 Bb4 4. e3 O-O 5. Nge2 Re8 6. a3 Bf8 7. Nf4 Nc6 8. Be2 e5 9. dxe5 Nxe5 10. b3 b6 11. O-O Bb7 12. Bb2 c6 13. Rc1 Qc7 14. Re1 Rad8 15. Bf1 Qb8 16. g3 d5 17. cxd5 cxd5 18. Bg2 d4 19. exd4 Nf3+ 20. Bxf3 Rxe1+ 21. Qxe1 Bxf3 22. Qe3 Ba8 23. Rd1 Re8 24. Qd2 Qc8 25. d5 h6 26. b4 Qg4 27. Kg2 Bd6 28. f3 Qf5 29. Qd3 Qg5 30. Nh3 Qe5 31. Nf2 Nxd5 32. Ng4 Nf4+ 33. gxf4 Qxf4 34. Nd5 Bxd5 35. Qxd5 Re2+ 36. Kg1 0-1

[Event "16th Deltalift Open 2019"]
[Site "Halmstad"]
[Date "2019.05.30"]
[Round "4.4"]
[White "Rydstrom, Tom"]
[Black "Brynell, Stellan"]
[Result "0-1"]
[ECO "C11"]
[WhiteElo "2365"]
[BlackElo "2406"]
[Annotator "ChessBase"]
[PlyCount "82"]
[EventDate "2019.05.30"]
[EventType "swiss"]
[EventCountry "SWE"]
[SourceTitle "playchess.com"]
[Source "ChessBase"]
[SourceQuality "1"]
[TimeControl "1800+12"]

1. e4 e6 2. d4 d5 3. Nc3 Nf6 4. e5 Nfd7 5. f4 c5 6. Nf3 Nc6 7. Be3 cxd4 8. Nxd4 Bc5 9. Qd2 O-O 10. O-O-O a6 11. Kb1 Nxd4 12. Bxd4 b5 13. h4 b4 14. Na4 Bxd4 15. Qxd4 a5 16. h5 Qc7 17. Rh3 Ba6 18. h6 g6 19. Bd3 Bxd3 20. Rhxd3 Rfc8 21. R1d2 Ra6 22. Qf2 Rc6 23. Re3 f5 24. Re1 Nc5 25. Nxc5 Rxc5 26. g4 fxg4 27. Qe2 Rf8 28. Qxg4 Rf5 29. b3 a4 30. Rf2 a3 31. Qd1 Rc3 32. Qd4 Qc5 33. Qd2 Rh3 34. Rc1 d4 35. Rd1 Rxh6 36. Qd3 Rh4 37. Qa6 Qc3 38. Qxe6+ Rf7 39. Kc1 d3 40. Rg1 Qa1+ 41. Kd2 Qxg1 0-1

[Event "16th Deltalift Open 2019"]
[Site "Halmstad"]
[Date "2019.05.30"]
[Round "4.5"]
[White "Jepson, Christian"]
[Black "Ziegler, Nathalie"]
[Result "1-0"]
[ECO "E92"]
[WhiteElo "2395"]
[BlackElo "1789"]
[Annotator "ChessBase"]
[PlyCount "68"]
[EventDate "2019.05.30"]
[EventType "swiss"]
[EventCountry "SWE"]
[SourceTitle "playchess.com"]
[Source "ChessBase"]
[SourceQuality "1"]
[TimeControl "1800+12"]

1. d4 Nf6 2. c4 g6 3. Nc3 Bg7 4. e4 d6 5. Be2 O-O 6. Nf3 e5 7. d5 a5 8. Bg5 Na6 9. Nd2 Nc5 10. b3 h6 11. Be3 Bd7 12. a3 b6 13. b4 axb4 14. axb4 Nb7 15. O-O Qe7 16. Nb5 Rxa1 17. Qxa1 Bg4 18. Bxg4 Nxg4 19. Qa7 Nxe3 20. fxe3 Qg5 21. Rf3 Nd8 22. Qxc7 f5 23. Qxd6 Qg4 24. h3 Qh5 25. Qxb6 Nf7 26. Nc7 Ng5 27. Rf1 Qe2 28. Nf3 Nxe4 29. Qxg6 Qxe3+ 30. Kh2 Qe2 31. Ne6 Rf7 32. Nxe5 Ra7 33. Rxf5 Kh8 34. Nxg7 Ng5 1-0

[Event "16th Deltalift Open 2019"]
[Site "Halmstad"]
[Date "2019.05.30"]
[Round "4.6"]
[White "Bellon Lopez, Juan Manuel"]
[Black "Pantzar, Milton"]
[Result "0-1"]
[ECO "D02"]
[WhiteElo "2345"]
[BlackElo "2390"]
[Annotator "ChessBase"]
[PlyCount "94"]
[EventDate "2019.05.30"]
[EventType "swiss"]
[EventCountry "SWE"]
[SourceTitle "playchess.com"]
[Source "ChessBase"]
[SourceQuality "1"]
[TimeControl "1800+12"]

1. d4 d5 2. Nf3 Nf6 3. Bf4 e6 4. e3 c5 5. c3 Be7 6. Ne5 Nbd7 7. h4 Nxe5 8. dxe5 Nd7 9. Nd2 O-O 10. Bd3 f5 11. exf6 Nxf6 12. Nf3 Bd6 13. Be5 Qc7 14. Bxd6 Qxd6 15. Qa4 e5 16. Ng5 e4 17. Be2 a6 18. O-O-O b5 19. Qc2 Qe5 20. Kb1 Rb8 21. f4 exf3 22. Bd3 h6 23. Bh7+ Kh8 24. gxf3 Qxe3 25. Bg6 Rb7 26. Rde1 Qf4 27. Ne6 Bxe6 28. Rxe6 Qxf3 29. Rhe1 Qf4 30. h5 b4 31. cxb4 Qxb4 32. R6e2 Rfb8 33. Ka1 c4 34. Qf5 c3 35. b3 d4 36. Qd3 Rc7 37. Rc2 a5 38. Qg3 Rcc8 39. Bf7 Qb7 40. Bc4 a4 41. Rg1 axb3 42. Bxb3 Ne4 43. Qd3 Nd2 44. Qxd4 Nf3 45. Qf2 Nxg1 46. Qxg1 Ra8 47. Qg4 Qxb3 0-1

[Event "16th Deltalift Open 2019"]
[Site "Halmstad"]
[Date "2019.05.30"]
[Round "4.8"]
[White "Kucuksari, Kaan"]
[Black "Ask, Josef"]
[Result "1-0"]
[ECO "E71"]
[WhiteElo "2320"]
[BlackElo "2149"]
[Annotator "ChessBase"]
[PlyCount "81"]
[EventDate "2019.05.30"]
[EventType "swiss"]
[EventCountry "SWE"]
[SourceTitle "playchess.com"]
[Source "ChessBase"]
[SourceQuality "1"]
[TimeControl "1800+12"]

1. d4 Nf6 2. c4 g6 3. Nc3 Bg7 4. e4 d6 5. h3 O-O 6. Nf3 Na6 7. Bg5 Qe8 8. Nd2 e5 9. d5 Nd7 10. g4 Ndc5 11. Rg1 Kh8 12. a3 Bd7 13. b4 Na4 14. Nb5 Bxb5 15. cxb5 Nc3 16. Qb3 Nxb5 17. Qa4 Nd4 18. Qxe8 Raxe8 19. Rc1 f6 20. Be3 Rf7 21. Bxa6 bxa6 22. f3 a5 23. bxa5 Rb8 24. Bxd4 exd4 25. Ke2 Bh6 26. Rb1 Re8 27. Rb7 a6 28. Nc4 Ree7 29. Kd3 f5 30. exf5 gxf5 31. g5 Bf8 32. Ra7 c6 33. Rxe7 Rxe7 34. dxc6 d5 35. Nb6 Rc7 36. Rc1 Bxa3 37. Nxd5 Rc8 38. Rc2 Bd6 39. c7 Kg7 40. Rc6 Be5 41. f4 1-0

[Event "16th Deltalift Open 2019"]
[Site "Halmstad"]
[Date "2019.05.30"]
[Round "4.9"]
[White "Lindhe, Magnus"]
[Black "Ziegler, Ari"]
[Result "0-1"]
[ECO "A40"]
[WhiteElo "2173"]
[BlackElo "2300"]
[Annotator "ChessBase"]
[PlyCount "68"]
[EventDate "2019.05.30"]
[EventType "swiss"]
[EventCountry "SWE"]
[SourceTitle "playchess.com"]
[Source "ChessBase"]
[SourceQuality "1"]
[TimeControl "1800+12"]

1. d4 g6 2. c3 Bg7 3. Nf3 d6 4. e4 Nf6 5. Nbd2 O-O 6. Be2 Nbd7 7. O-O e5 8. dxe5 Nxe5 9. Nxe5 dxe5 10. a4 c6 11. a5 Qc7 12. Qc2 Re8 13. Nc4 Be6 14. Bg5 Nd7 15. b4 Nf8 16. Rad1 Bxc4 17. Bxc4 Ne6 18. Be3 Qe7 19. f3 a6 20. g3 Rad8 21. Bb6 Rxd1 22. Rxd1 h5 23. Qd2 Ng5 24. Kg2 Qf6 25. Qe2 h4 26. Rd7 hxg3 27. hxg3 Bf8 28. Rxb7 Qh8 29. Kg1 c5 30. Bd5 cxb4 31. cxb4 Qh5 32. Kf2 Rc8 33. f4 Qh2+ 34. Ke3 Qxg3+ {[%emt 0:00:37] Kd4} 0-1

[Event "16th Deltalift Open 2019"]
[Site "Halmstad"]
[Date "2019.05.30"]
[Round "4.10"]
[White "Crevatin, Leo"]
[Black "Cramling Bellon, Anna"]
[Result "1/2-1/2"]
[ECO "E32"]
[WhiteElo "2210"]
[BlackElo "1990"]
[Annotator "ChessBase"]
[PlyCount "86"]
[EventDate "2019.05.30"]
[EventType "swiss"]
[EventCountry "SWE"]
[SourceTitle "playchess.com"]
[Source "ChessBase"]
[SourceQuality "1"]
[TimeControl "1800+12"]

1. d4 Nf6 2. c4 e6 3. Nc3 Bb4 4. Qc2 b6 5. e4 c5 6. d5 Qe7 7. Nge2 d6 8. Bd2 O-O 9. O-O-O Ng4 10. Be1 Na6 11. h3 Ne5 12. Ng3 Bxc3 13. Bxc3 Nb4 14. Qb1 exd5 15. exd5 Qg5+ 16. Bd2 Qg6 17. Qxg6 fxg6 18. Bxb4 cxb4 19. Ne4 Rf4 20. f3 Ba6 21. b3 Rd8 22. Be2 h6 23. g3 Rff8 24. f4 Nf7 25. Bd3 g5 26. fxg5 Nxg5 27. Nxg5 hxg5 28. Rhf1 Bc8 29. g4 Rf4 30. Rde1 Rdf8 31. Rxf4 gxf4 32. Re7 Rf7 33. Re8+ Rf8 34. Bh7+ Kf7 35. Bg6+ Kg8 36. Re2 Rf6 37. Re8+ Rf8 38. Re7 a5 39. Kd2 Rf6 40. Bd3 Rf7 41. Re1 g5 42. Bg6 Rf6 43. Bd3 Kf8 1/2-1/2

[Event "16th Deltalift Open 2019"]
[Site "Halmstad"]
[Date "2019.05.30"]
[Round "4.11"]
[White "Andersson, Robert"]
[Black "Olund, Joar"]
[Result "0-1"]
[ECO "B10"]
[WhiteElo "2074"]
[BlackElo "2328"]
[Annotator "ChessBase"]
[PlyCount "177"]
[EventDate "2019.05.30"]
[EventType "swiss"]
[EventCountry "SWE"]
[SourceTitle "playchess.com"]
[Source "ChessBase"]
[SourceQuality "1"]
[TimeControl "1800+12"]

1. e4 c6 2. Nf3 d5 3. d3 g6 4. Nbd2 Bg7 5. Be2 e5 6. O-O Ne7 7. c3 O-O 8. d4 exd4 9. Nxd4 Re8 10. exd5 Nxd5 11. N2f3 h6 12. Re1 Nd7 13. Bf1 Nc5 14. Rxe8+ Qxe8 15. Bd2 Bd7 16. Qc2 Qe4 17. Re1 Qxc2 18. Nxc2 Re8 19. Rxe8+ Bxe8 20. Bc4 Nb6 21. Be2 Nca4 22. Bc1 Bd7 23. Nfd4 a6 24. Nb3 Bc8 25. Na5 Nd5 26. Bf3 Ne7 27. Ne3 Nc5 28. Be2 Be5 29. Nec4 Bc7 30. Nb3 Na4 31. Bf3 Kg7 32. Nca5 g5 33. g3 Ng6 34. Be4 Ne5 35. f4 gxf4 36. gxf4 Ng4 37. Nc4 Nf6 38. Bc2 Nb6 39. Nxb6 Bxb6+ 40. Nd4 Nd5 41. Kg2 Kf6 42. Bb3 Ne7 43. Be3 Bc7 44. Ne2 Nf5 45. Bf2 b6 46. Bc2 Be6 47. Be4 Bxa2 48. Bxc6 Bc4 49. Ng3 Nh4+ 50. Kh3 Ng6 51. Bd4+ Ke7 52. Nf5+ Kd8 53. Bf6+ Kc8 54. Nxh6 Bxf4 55. Ng8 Bc1 56. b4 a5 57. bxa5 bxa5 58. Ne7+ Kc7 59. Be4 Nf4+ 60. Kg4 Nd3 61. Bxd3 Bxd3 62. Be5+ Kb6 63. h4 a4 64. c4 a3 65. Bd4+ Kb7 66. c5 Bb2 67. c6+ Kc7 68. Nd5+ Kxc6 69. Nb4+ Kd6 70. Nxd3 Bxd4 71. Nc1 Ke7 72. Kf5 Kf8 73. Na2 Kg7 74. Nb4 Kh6 75. Kg4 Kg6 76. Na2 f5+ 77. Kf4 Kf6 78. Nb4 Be5+ 79. Kf3 Kg6 80. Kg2 Kh5 81. Kh3 Bf6 82. Kg3 Bxh4+ 83. Kf4 Kg6 84. Na2 Kf6 85. Nc3 Bg5+ 86. Kf3 Ke5 87. Ke2 Bc1 88. Kf3 Bb2 89. Na2 0-1

[Event "16th Deltalift Open 2019"]
[Site "Halmstad"]
[Date "2019.05.30"]
[Round "4.12"]
[White "Lindgren, Fredrik"]
[Black "Wahlund, Max"]
[Result "1-0"]
[ECO "A48"]
[WhiteElo "2278"]
[BlackElo "2088"]
[Annotator "ChessBase"]
[PlyCount "71"]
[EventDate "2019.05.30"]
[EventType "swiss"]
[EventCountry "SWE"]
[SourceTitle "playchess.com"]
[Source "ChessBase"]
[SourceQuality "1"]
[TimeControl "1800+12"]

1. d4 Nf6 2. Nf3 g6 3. c4 Bg7 4. Nc3 c5 5. d5 O-O 6. h3 d6 7. Bf4 a6 8. a4 Qa5 9. Bd2 Qc7 10. e4 e6 11. dxe6 Bxe6 12. Bd3 Nc6 13. O-O Nb4 14. Bf4 Nh5 15. Bh2 Bh6 16. Ne2 Qd7 17. Ra3 g5 18. Kh1 Nf4 19. Nxf4 gxf4 20. Qc1 Qe7 21. g4 fxg3 22. Qxh6 Nxd3 23. Rxd3 gxh2 24. Ng5 f6 25. Nxe6 Qxe6 26. Rg3+ Kf7 27. Qxh7+ Ke8 28. Qxb7 Rd8 29. Kxh2 Qxc4 30. Qc6+ Kf7 31. Rfg1 Ke6 32. f4 Rh8 33. R1g2 Qd4 34. Qb7 Rhe8 35. Rg7 Rb8 36. Qf7# {Kd5} 1-0

[Event "16th Deltalift Open 2019"]
[Site "Halmstad"]
[Date "2019.05.30"]
[Round "4.13"]
[White "Hautajarvi, Jukka"]
[Black "Silseth, Simon"]
[Result "1/2-1/2"]
[ECO "C50"]
[WhiteElo "2068"]
[BlackElo "2268"]
[Annotator "ChessBase"]
[PlyCount "80"]
[EventDate "2019.05.30"]
[EventType "swiss"]
[EventCountry "SWE"]
[SourceTitle "playchess.com"]
[Source "ChessBase"]
[SourceQuality "1"]
[TimeControl "1800+12"]

1. e4 e5 2. Nf3 Nc6 3. Bc4 Be7 4. Nc3 Nf6 5. d3 d6 6. h3 O-O 7. Bg5 Be6 8. Bb3 Nd4 9. Nxd4 exd4 10. Ne2 Bxb3 11. axb3 d5 12. e5 Nd7 13. Bf4 c5 14. O-O Re8 15. Re1 Nb8 16. Ng3 Qd7 17. Qg4 Qxg4 18. hxg4 Nc6 19. Bd2 Bd8 20. f4 a5 21. Nf5 Bc7 22. Kf2 Nb4 23. Bxb4 cxb4 24. Kf3 Bb6 25. Re2 Re6 26. Nd6 f6 27. Rae1 fxe5 28. fxe5 Rf8+ 29. Kg3 Rg6 30. Rh1 Bc7 31. Nb5 Bb6 32. Nd6 Rb8 33. Nf5 Re8 34. Rhe1 h5 35. Kh4 Bd8+ 36. Kh3 hxg4+ 37. Kg3 Rf8 38. e6 Rxf5 39. e7 Bxe7 40. Rxe7 Rf7 1/2-1/2

[Event "16th Deltalift Open 2019"]
[Site "Halmstad"]
[Date "2019.05.30"]
[Round "4.14"]
[White "Nyander, Joakim"]
[Black "Berglind, Axel"]
[Result "1/2-1/2"]
[ECO "A15"]
[WhiteElo "2235"]
[BlackElo "2072"]
[Annotator "ChessBase"]
[PlyCount "153"]
[EventDate "2019.05.30"]
[EventType "swiss"]
[EventCountry "SWE"]
[SourceTitle "playchess.com"]
[Source "ChessBase"]
[SourceQuality "1"]
[TimeControl "1800+12"]

1. c4 Nf6 2. g3 g6 3. Bg2 Bg7 4. Nc3 O-O 5. e4 c5 6. Nge2 Nc6 7. d3 d6 8. O-O Bd7 9. h3 a6 10. Be3 e5 11. f4 Nd4 12. g4 Bxg4 13. hxg4 Nxg4 14. Bxd4 Qh4 15. Rf3 cxd4 16. Nd5 exf4 17. Qe1 Qh2+ 18. Kf1 Ne3+ 19. Nxe3 fxe3 20. Qg3 Qxg3 21. Nxg3 Be5 22. Bh3 Rfb8 23. Rc1 b6 24. Bd7 Ra7 25. Bc6 Kg7 26. Bd5 h5 27. Ne2 g5 28. Kg2 f6 29. Rh3 Rh8 30. Rch1 Kg6 31. Be6 h4 32. Kf3 Re7 33. Bf5+ Kf7 34. Rc1 Rc7 35. Rhh1 Rb8 36. b3 a5 37. Rhd1 Ke7 38. Ng1 Rh8 39. Bh3 Rb8 40. Ke2 Rg8 41. Bg4 Rh8 42. Rf1 Rc5 43. Rf5 Rb8 44. a4 b5 45. axb5 Rbxb5 46. Rb1 Rb4 47. Kd1 a4 48. Kc2 Ra5 49. bxa4 Rxb1 50. Kxb1 Rxa4 51. Rf1 Ra3 52. Rd1 Kd8 53. Kb2 Ra8 54. Ra1 Rxa1 55. Kxa1 Kc7 56. Kb2 Kb6 57. Kb3 Kc5 58. Ne2 Bg3 59. Ka4 Be1 60. Nc1 Bc3 61. Ne2 Bd2 62. Kb3 Be1 63. Kc2 Bd2 64. Kd1 Ba5 65. Ng1 Kb4 66. Kc2 Kc5 67. Kd1 Kb4 68. Nf3 Kc5 69. Ke2 Bd8 70. Bh3 Bc7 71. Bf5 Bb8 72. Ng1 Kb4 73. Bh3 Bc7 74. Kf3 Kc3 75. Ke2 Bb8 76. Nf3 Bc7 77. Bg4 1/2-1/2

[Event "16th Deltalift Open 2019"]
[Site "Halmstad"]
[Date "2019.05.30"]
[Round "4.15"]
[White "Mejvik, Jacob"]
[Black "Johnson, Daniel"]
[Result "0-1"]
[ECO "B42"]
[WhiteElo "2057"]
[BlackElo "2233"]
[Annotator "ChessBase"]
[PlyCount "134"]
[EventDate "2019.05.30"]
[EventType "swiss"]
[EventCountry "SWE"]
[SourceTitle "playchess.com"]
[Source "ChessBase"]
[SourceQuality "1"]
[TimeControl "1800+12"]

1. e4 c5 2. Nf3 e6 3. d4 cxd4 4. Nxd4 a6 5. Bd3 Qc7 6. O-O d6 7. c4 Nf6 8. Nc3 Nbd7 9. Re1 Be7 10. Bf1 b6 11. Be3 Bb7 12. f3 Rc8 13. Rc1 O-O 14. Qd2 Qb8 15. Bf2 Rfe8 16. Nc2 Bf8 17. Ne3 g6 18. Red1 Bc6 19. Bg3 Ne5 20. Be2 Nh5 21. Bf2 Nf4 22. Bf1 Nh3+ 23. Kh1 Nxf2+ 24. Qxf2 b5 25. f4 Nd7 26. cxb5 axb5 27. b4 Bg7 28. Bd3 Qb7 29. Qe2 Rb8 30. Nf1 Bh6 31. Qf2 e5 32. f5 Bxc1 33. Rxc1 Kg7 34. Ne3 Nf6 35. Rf1 Rf8 36. Qh4 Qb6 37. Ng4 Nxg4 38. Qxg4 f6 39. Rf3 Qd4 40. Ne2 Qa1+ 41. Ng1 g5 42. h4 h6 43. Rf1 Qd4 44. Bb1 Be8 45. Rd1 Qxb4 46. Qe2 Rc8 47. Nf3 Bh5 48. Qe3 Qc3 49. Bd3 Qc5 50. Qe2 Qa3 51. Rd2 Rc1+ 52. Kh2 Qc5 53. Kg3 Rc3 54. Rb2 b4 55. Rb1 Rc1 56. Rb2 Rc3 57. Rb1 g4 58. Ne1 Qd4 59. Rd1 d5 60. Nc2 Qc5 61. exd5 Qxd5 62. Nxb4 Qd4 63. Qf1 Qxb4 64. Rd2 Qf4+ 65. Qxf4 exf4+ 66. Kxf4 Rd8 67. Ke3 Bf7 0-1

[Event "16th Deltalift Open 2019"]
[Site "Halmstad"]
[Date "2019.05.30"]
[Round "4.16"]
[White "Wernberg, Hugo"]
[Black "Sjoberg, Isak"]
[Result "0-1"]
[ECO "B94"]
[WhiteElo "2017"]
[BlackElo "2208"]
[Annotator "ChessBase"]
[PlyCount "74"]
[EventDate "2019.05.30"]
[EventType "swiss"]
[EventCountry "SWE"]
[SourceTitle "playchess.com"]
[Source "ChessBase"]
[SourceQuality "1"]
[TimeControl "1800+12"]

1. e4 c5 2. Nf3 d6 3. d4 cxd4 4. Nxd4 Nf6 5. Nc3 a6 6. Bg5 Nbd7 7. f4 Qc7 8. Qe2 e5 9. Nf3 h6 10. Bxf6 Nxf6 11. O-O-O Be7 12. Nd5 Nxd5 13. exd5 Bf5 14. fxe5 dxe5 15. Qc4 Qd6 16. Qa4+ Bd7 17. Qe4 Bf6 18. Bd3 g6 19. Rhe1 O-O 20. Nxe5 Rae8 21. Nxf7 Bg5+ 22. Kb1 Kxf7 23. Qd4 Bf6 24. Qc4 Bb5 25. Bxg6+ Kxg6 26. Qg4+ Kh7 27. Qf5+ Kh8 28. Qg6 Be5 29. Qh5 Bg7 30. Re6 Rxe6 31. dxe6 Qxd1+ 32. Qxd1 Rf1 33. Qxf1 Bxf1 34. e7 Bb5 35. c4 Be8 36. g4 Bf6 37. h4 Bxh4 0-1

[Event "16th Deltalift Open 2019"]
[Site "Halmstad"]
[Date "2019.05.30"]
[Round "4.17"]
[White "Carlsson, Ludvig"]
[Black "Carlstrom, Niklas"]
[Result "1/2-1/2"]
[ECO "A01"]
[WhiteElo "2208"]
[BlackElo "2065"]
[Annotator "ChessBase"]
[PlyCount "51"]
[EventDate "2019.05.30"]
[EventType "swiss"]
[EventCountry "SWE"]
[SourceTitle "playchess.com"]
[Source "ChessBase"]
[SourceQuality "1"]
[TimeControl "1800+12"]

1. b3 e5 2. Bb2 Nc6 3. e3 a6 4. c4 Nf6 5. a3 g6 6. d3 Bg7 7. Nd2 O-O 8. Ngf3 d6 9. Be2 Qe7 10. Qc2 Bd7 11. O-O Ne8 12. Bc3 f5 13. b4 g5 14. Rfc1 g4 15. Ne1 Nf6 16. a4 f4 17. b5 fxe3 18. fxe3 Nd8 19. g3 Bh6 20. Ng2 Ne6 21. Qb2 Ng5 22. c5 Nh3+ 23. Kh1 Nd5 24. Nc4 Nf2+ 25. Kg1 Nh3+ 26. Kh1 1/2-1/2

[Event "16th Deltalift Open 2019"]
[Site "Halmstad"]
[Date "2019.05.30"]
[Round "4.18"]
[White "Wahlstrom, Lennart"]
[Black "Mattsson, Michael"]
[Result "1-0"]
[ECO "C47"]
[WhiteElo "2196"]
[BlackElo "2063"]
[Annotator "ChessBase"]
[PlyCount "88"]
[EventDate "2019.05.30"]
[EventType "swiss"]
[EventCountry "SWE"]
[SourceTitle "playchess.com"]
[Source "ChessBase"]
[SourceQuality "1"]
[TimeControl "1800+12"]

1. e4 e5 2. Nf3 Nc6 3. Nc3 Nf6 4. d4 exd4 5. Nxd4 Bb4 6. Nxc6 bxc6 7. Bd3 d5 8. exd5 cxd5 9. O-O O-O 10. Bg5 c6 11. Qf3 h6 12. Bxf6 Qxf6 13. Qxf6 gxf6 14. Ne2 Bd6 15. Rae1 Rb8 16. b3 Rb4 17. c3 Rh4 18. Ng3 Kh8 19. h3 Be5 20. c4 Rg8 21. cxd5 cxd5 22. Re3 d4 23. Re4 Rxe4 24. Bxe4 Ba6 25. Rd1 Bxg3 26. fxg3 Rxg3 27. Rxd4 Re3 28. Bf3 Rd3 29. Rxd3 Bxd3 30. Kf2 a5 31. Ke3 Bb1 32. a3 Kg8 33. b4 axb4 34. axb4 Kf8 35. Kd4 Ke7 36. Bd5 f5 37. Ke5 f6+ 38. Kf4 Kd6 39. Bg8 h5 40. Bh7 Ke6 41. b5 Be4 42. g3 h4 43. gxh4 Kd6 44. Bxf5 Kd5 {Kxe4+} 1-0

[Event "16th Deltalift Open 2019"]
[Site "Halmstad"]
[Date "2019.05.30"]
[Round "4.20"]
[White "Stray, Gunnar"]
[Black "Naslund, Mikael"]
[Result "1-0"]
[ECO "D04"]
[WhiteElo "2005"]
[BlackElo "2177"]
[Annotator "ChessBase"]
[PlyCount "59"]
[EventDate "2019.05.30"]
[EventType "swiss"]
[EventCountry "SWE"]
[SourceTitle "playchess.com"]
[Source "ChessBase"]
[SourceQuality "1"]
[TimeControl "1800+12"]

1. d4 Nf6 2. Nf3 d5 3. e3 Bg4 4. h3 Bh5 5. g4 Bg6 6. Ne5 Nbd7 7. h4 Nxe5 8. dxe5 Nxg4 9. Qxg4 Bxc2 10. Nc3 e6 11. Bd2 c6 12. Rc1 Bf5 13. Qf4 Be7 14. e4 dxe4 15. Nxe4 Qd5 16. Bg2 Qb5 17. Nd6+ Bxd6 18. exd6 O-O-O 19. Bc3 f6 20. Rd1 Bg6 21. Bf1 Qc5 22. Qc4 Qxc4 23. Bxc4 Rhe8 24. h5 Be4 25. Rg1 Rd7 26. h6 gxh6 27. Bxf6 Bd5 28. Be2 Rxd6 29. Bh5 Rf8 30. Be7 1-0

[Event "16th Deltalift Open 2019"]
[Site "Halmstad"]
[Date "2019.05.30"]
[Round "4.21"]
[White "Andersson, Lars"]
[Black "Lindborg, Patrik"]
[Result "1-0"]
[ECO "A02"]
[WhiteElo "1997"]
[BlackElo "2172"]
[Annotator "ChessBase"]
[PlyCount "77"]
[EventDate "2019.05.30"]
[EventType "swiss"]
[EventCountry "SWE"]
[SourceTitle "playchess.com"]
[Source "ChessBase"]
[SourceQuality "1"]
[TimeControl "1800+12"]

1. f4 c5 2. Nf3 Nc6 3. e4 d5 4. e5 Bg4 5. h3 Bxf3 6. Qxf3 e6 7. Bb5 Nge7 8. O-O h5 9. d3 Rc8 10. c3 Nf5 11. g3 Rh6 12. Kh2 Qb6 13. Bxc6+ Qxc6 14. Be3 Qb5 15. Bc1 Be7 16. Na3 Qc6 17. Nc2 b5 18. Rb1 b4 19. Rf2 Qa4 20. a3 Qb3 21. axb4 cxb4 22. Nxb4 Bxb4 23. cxb4 Rc2 24. Bd2 Rg6 25. g4 hxg4 26. hxg4 Rh6+ 27. Kg1 Nh4 28. Qe3 Qa2 29. Rc1 Qxb2 30. Rd1 Qa2 31. f5 exf5 32. gxf5 Rh5 33. f6 g6 34. e6 Rc7 35. Re1 Qa4 36. exf7+ Kxf7 37. Qe6+ Kf8 38. Qd6+ Kg8 39. Qxc7 1-0

[Event "16th Deltalift Open 2019"]
[Site "Halmstad"]
[Date "2019.05.30"]
[Round "4.22"]
[White "Petersson, Baldur Teodor"]
[Black "Trost, Edvin"]
[Result "0-1"]
[ECO "B24"]
[WhiteElo "2163"]
[BlackElo "2047"]
[Annotator "ChessBase"]
[PlyCount "98"]
[EventDate "2019.05.30"]
[EventType "swiss"]
[EventCountry "SWE"]
[SourceTitle "playchess.com"]
[Source "ChessBase"]
[SourceQuality "1"]
[TimeControl "1800+12"]

1. e4 c5 2. Nc3 Nc6 3. g3 e6 4. Bg2 Nf6 5. f4 d5 6. e5 Nd7 7. Nf3 Rb8 8. O-O b5 9. a3 g6 10. Ne2 Qb6 11. d4 cxd4 12. Nexd4 Nxd4 13. Nxd4 a5 14. Be3 Ba6 15. Rf2 Qc7 16. Bf1 Qb7 17. c3 Be7 18. b4 a4 19. Rc1 h5 20. h4 Qc7 21. Bd3 Nf8 22. Qe2 Qb7 23. Rh2 Kd7 24. Kf2 Kc7 25. Ke1 Kc8 26. Kd2 Bd8 27. Kc2 Qd7 28. Bg1 Rb7 29. Kb2 Kb8 30. Ka2 Bb6 31. Bxb5 Bxb5 32. Nxb5 Bxg1 33. Nd6 Bxh2 34. Nxb7 Qxb7 35. Qxh2 Nd7 36. c4 dxc4 37. Qc2 Nb6 38. Rd1 Nd5 39. Rd4 Nb6 40. Qd2 Rc8 41. Rd8 Nd5 42. Rxc8+ Qxc8 43. Qc2 Qc6 44. Ka1 Kb7 45. Kb1 Nb6 46. Qd1 Qd5 47. Qe2 Qd3+ 48. Qxd3 cxd3 49. Kc1 Nc4 0-1

[Event "16th Deltalift Open 2019"]
[Site "Halmstad"]
[Date "2019.05.30"]
[Round "4.23"]
[White "Nilsson, Eskil"]
[Black "Blomstrom, Lars"]
[Result "1/2-1/2"]
[ECO "B31"]
[WhiteElo "1991"]
[BlackElo "2153"]
[Annotator "ChessBase"]
[PlyCount "84"]
[EventDate "2019.05.30"]
[EventType "swiss"]
[EventCountry "SWE"]
[SourceTitle "playchess.com"]
[Source "ChessBase"]
[SourceQuality "1"]
[TimeControl "1800+12"]

1. e4 c5 2. Nf3 Nc6 3. Bb5 g6 4. O-O Bg7 5. Re1 e5 6. Bxc6 dxc6 7. d3 Qc7 8. a3 Nf6 9. b4 Nd7 10. bxc5 Nxc5 11. a4 O-O 12. Ba3 b6 13. Nbd2 h6 14. Nc4 Be6 15. Bxc5 bxc5 16. Qe2 Rab8 17. Nfd2 Rb4 18. c3 Rbb8 19. Qe3 Rfd8 20. Rab1 Bf8 21. Nb3 Bxc4 22. dxc4 Qd6 23. Kf1 Qd3+ 24. Qxd3 Rxd3 25. Rec1 h5 26. Ke2 Rd7 27. Na5 Rbd8 28. Rd1 Bh6 29. Rxd7 Rxd7 30. Rd1 Rc7 31. Rb1 Bf8 32. Rb7 Rxb7 33. Nxb7 f6 34. Nd8 a6 35. Nxc6 Kf7 36. Na5 Ke6 37. Kd3 Bd6 38. Nb3 f5 39. f3 f4 40. g3 g5 41. gxf4 exf4 42. h3 Be7 1/2-1/2

[Event "16th Deltalift Open 2019"]
[Site "Halmstad"]
[Date "2019.05.30"]
[Round "4.24"]
[White "Rasti, Arvin"]
[Black "Ytterberg, Felix"]
[Result "0-1"]
[ECO "E53"]
[WhiteElo "2151"]
[BlackElo "2018"]
[Annotator "ChessBase"]
[PlyCount "88"]
[EventDate "2019.05.30"]
[EventType "swiss"]
[EventCountry "SWE"]
[SourceTitle "playchess.com"]
[Source "ChessBase"]
[SourceQuality "1"]
[TimeControl "1800+12"]

1. d4 Nf6 2. c4 e6 3. Nc3 Bb4 4. e3 O-O 5. Bd3 d5 6. Nf3 c5 7. O-O cxd4 8. exd4 dxc4 9. Bxc4 b6 10. Bg5 Bb7 11. a3 Be7 12. Bb3 h6 13. Bh4 Ne4 14. Bxe7 Qxe7 15. Re1 Nxc3 16. bxc3 Qc7 17. Qd3 Ba6 18. Qe4 Bb7 19. Qd3 Ba6 20. c4 Nd7 21. Bc2 Nf6 22. Ne5 Rfc8 23. Rac1 Rd8 24. Re3 Rac8 25. Rf3 Kf8 26. Bb1 Bb7 27. Re3 Nd7 28. Nxf7 Kxf7 29. d5 Bxd5 30. Qg6+ Kf8 31. Rce1 Qxc4 32. Rg3 Qd4 33. Qh7 Nc5 34. Qh8+ Kf7 35. Qh7 Be4 36. Bxe4 Nxe4 37. Rf3+ Nf6 38. Qb1 Qd5 39. Qb2 Rc4 40. h3 Rd4 41. Rfe3 Rd1 42. Rxd1 Qxd1+ 43. Kh2 Qd6+ 44. g3 Qd5 0-1